AoeStats
← Araco

Black Forest

508026440Analyzed
3v3 RM · 12d ago on Sep 20, 2026· 112m 25s· 6 players
Game mode
Random Map
Map size
Normal (6 player)
Population
200
Speed
Normal
Resources
Standard
Victory
Conquest
Starting age
Dark Age
Ending age
Imperial Age
RankedLock teamsTeams togetherTeam positionsShared explorationLock speedFull tech treeHidden civsTurbo modeCheats
Victory
Defeat
🇪🇸 Goths · Spain
1310
+15
🇪🇸 Britons · Spain
1293
+16
🇪🇸 Japanese · Spain
1227
+18
🇧🇷 Koreans · Brazil
1375
-20
🇧🇷 Bohemians · Brazil
1266
-16
🇧🇷 Spanish · Brazil
1211
-13
Ares (Yi Nation)
1:43 Loom
10:39 Feudal Age
12:25 Double-Bit Axe
12:52 Man-at-Arms
13:44 Fletching
22:35 Castle Age
21:06 Gold Mining
23:34 Bow Saw
23:15 Crossbowman
23:41 Horse Collar
24:36 Padded Archer Armor
25:45 Bodkin Arrow
26:21 Heavy Plow
30:14 Wheelbarrow
35:46 Imperial Age
33:30 Stone Mining
34:46 Gold Shaft Mining
34:35 Hand Cart
34:30 Bodkin Arrow
34:56 Fortified Wall
35:47 Leather Archer Armor
35:57 Ballistics
36:31 Bracer
35:52 Arbalester
37:35 Chemistry
36:45 Town Watch
36:57 Onager
38:10 Conscription
38:28 Masonry
38:36 Squires
39:11 Ring Archer Armor
40:05 Block Printing
40:26 Coinage
40:59 Sanctity
41:18 Illumination
42:36 Capped Ram
44:37 Warwolf
46:19 Architecture
46:21 Yeomen
48:47 Theocracy
48:51 Hoardings
50:39 Banking
53:09 Siege Engineers
55:02 Murder Holes
54:58 Guard Tower
54:54 Arrowslits
56:10 Caravan
58:24 Two-Man Saw
59:01 Keep
59:52 Elite Skirmisher
61:37 Forging
61:27 Scale Mail Armor
61:33 Scale Barding Armor
63:50 Town Patrol
64:30 Chain Barding Armor
64:25 Chain Mail Armor
64:46 Iron Casting
63:55 Treadmill Crane
69:18 Blast Furnace
68:48 Plate Mail Armor
71:57 Plate Barding Armor
70:51 Long Swordsman
71:17 Gambesons
70:52 Pikeman
72:09 Two-Handed Swordsman
72:10 Halberdier
72:14 Light Cavalry
72:54 Husbandry
72:15 Cavalier
87:13 Champion
87:43 Arson
Araco
0:26 Loom
12:20 Feudal Age
13:39 Double-Bit Axe
17:45 Castle Age
15:30 Horse Collar
20:02 Heavy Plow
24:43 Wheelbarrow
28:32 Caravan
28:39 Gold Mining
29:40 Hand Cart
33:15 Imperial Age
31:20 Man-at-Arms
31:20 Pikeman
32:01 Squires
32:05 Scale Mail Armor
32:15 Forging
32:10 Anarchy
32:27 Long Swordsman
35:25 Conscription
35:06 Perfusion
34:27 Elite Huskarl
35:28 Chain Mail Armor
35:48 Iron Casting
37:40 Crop Rotation
37:25 Bow Saw
38:16 Masonry
38:30 Ballistics
39:11 Chemistry
38:34 Ballistics
38:06 Two-Handed Swordsman
38:08 Halberdier
38:43 Fletching
39:54 Blast Furnace
38:46 Fletching
39:25 Champion
45:17 Architecture
44:43 Murder Holes
44:47 Bodkin Arrow
50:42 Town Watch
51:01 Bracer
51:02 Padded Archer Armor
50:56 Heated Shot
54:19 Leather Archer Armor
54:11 Scale Barding Armor
56:16 Coinage
55:57 Guilds
57:05 Town Patrol
56:31 Light Cavalry
56:31 Cavalier
57:22 Bloodlines
57:12 Husbandry
56:56 Crossbowman
56:56 Elite Skirmisher
56:56 Heavy Cavalry Archer
58:58 Two-Man Saw
60:24 Onager
63:03 Ring Archer Armor
_Suko_
0:44 Loom
10:47 Feudal Age
10:50 Man-at-Arms
14:43 Fletching
17:41 Padded Archer Armor
18:53 Double-Bit Axe
20:22 Horse Collar
28:01 Castle Age
26:09 Gold Mining
26:27 Stone Mining
34:42 Imperial Age
32:31 Heavy Plow
32:53 Bow Saw
32:46 Crossbowman
34:29 Wheelbarrow
34:44 Caravan
34:47 Bodkin Arrow
36:02 Hand Cart
36:13 Leather Archer Armor
37:19 Two-Man Saw
37:02 Scale Mail Armor
37:12 Forging
37:57 Ballistics
39:20 Chemistry
39:21 Iron Casting
39:01 Chain Mail Armor
40:06 Gold Shaft Mining
39:13 Elite Samurai
40:18 Thumb Ring
41:44 Blast Furnace
42:10 Plate Mail Armor
41:03 Arbalester
42:47 Kataparuto
44:30 Bracer
47:17 Squires
47:03 Arson
47:05 Gambesons
53:01 Ring Archer Armor
56:29 Long Swordsman
56:56 Pikeman
59:00 Halberdier
97:00 Two-Handed Swordsman
98:38 Champion
102:15 Elite Skirmisher
MAMA YAGA
5:36 Loom
12:26 Feudal Age
13:37 Double-Bit Axe
16:46 Castle Age
15:08 Horse Collar
19:08 Bow Saw
20:48 Heavy Plow
27:25 Fervor
33:02 Wheelbarrow
32:08 Pikeman
32:48 Squires
32:34 Arson
36:02 Imperial Age
34:12 Hand Cart
34:32 Scale Mail Armor
34:43 Forging
33:57 Pikeman
34:22 Arson
34:38 Squires
37:24 Chemistry
36:45 Ballistics
36:29 Heavy Scorpion
36:39 Halberdier
38:48 Two-Man Saw
37:50 Town Watch
37:48 Treadmill Crane
38:05 Murder Holes
40:00 Chain Mail Armor
40:21 Iron Casting
39:14 Houfnice
40:44 Wagenburg Tactics
40:47 Hussite Reforms
41:02 Conscription
41:52 Town Patrol
46:14 Plate Mail Armor
46:45 Blast Furnace
47:37 Bombard Tower
47:29 Fortified Wall
47:22 Arrowslits
49:13 Coinage
50:17 Siege Engineers
50:03 Guard Tower
56:44 Caravan
82:43 Husbandry
82:03 Light Cavalry
84:50 Scale Barding Armor
100:06 Chain Barding Armor
100:01 Cavalier
101:04 Capped Ram
Phill Forest
1:31 Loom
14:37 Feudal Age
20:05 Wheelbarrow
27:58 Castle Age
27:26 Double-Bit Axe
27:38 Horse Collar
39:03 Wheelbarrow
38:15 Town Watch
39:30 Gold Mining
44:48 Imperial Age
42:41 Hand Cart
42:39 Stone Mining
43:03 Bow Saw
43:06 Heavy Plow
43:08 Padded Archer Armor
44:30 Town Patrol
44:49 Fortified Wall
45:05 Leather Archer Armor
46:34 Chemistry
46:01 Conscription
46:02 Bloodlines
45:53 Husbandry
46:57 Stone Shaft Mining
48:06 Fletching
48:46 Ring Archer Armor
51:42 Elite Skirmisher
52:27 Thumb Ring
51:46 Cavalier
52:32 Scale Barding Armor
52:38 Forging
52:23 Bodkin Arrow
55:30 Ballistics
57:17 Chain Barding Armor
57:33 Iron Casting
56:59 Bracer
56:26 Paladin
62:27 Plate Barding Armor
62:52 Blast Furnace
66:28 Caravan
67:19 Light Cavalry
71:57 Pikeman
72:42 Hussar
73:24 Scale Mail Armor
75:52 Hussar
76:50 Halberdier
94:13 Guilds
GL.Lalo
1:42 Loom
12:44 Feudal Age
16:51 Castle Age
15:18 Double-Bit Axe
15:41 Horse Collar
26:10 Wheelbarrow
25:40 Town Watch
29:59 Fervor
30:18 Fletching
31:07 Hand Cart
31:07 Bow Saw
31:04 Heavy Plow
30:57 Gold Mining
35:03 Imperial Age
35:44 Bodkin Arrow
36:11 Ballistics
37:12 Chemistry
36:08 Elite War Wagon
37:29 Bracer
37:40 Forging
37:36 Scale Barding Armor
37:59 Siege Engineers
40:51 Town Patrol
41:16 Heavy Rocket Cart
42:08 Murder Holes
41:53 Treadmill Crane
46:48 Two-Man Saw
48:30 Shinkichon
48:12 Eupseong
51:44 Iron Casting
51:29 Chain Barding Armor
51:54 Conscription
51:14 Light Cavalry
51:54 Husbandry
53:23 Two-Man Saw
53:08 Caravan
53:38 Guilds
54:36 Coinage
55:41 Scale Mail Armor
58:48 Hussar
60:00 Chain Mail Armor
65:58 Arrowslits
65:58 Elite Skirmisher
70:12 Thumb Ring
70:38 Plate Mail Armor
71:37 Elite Fire Lancer
73:43 Cavalier
75:55 Banking
85:13 Fortified Wall
88:25 Fortified Wall
91:00 Heated Shot
91:20 Masonry
102:07 Architecture
105:36 Crossbowman
Connection lost

Rejoining the realm…

Still unreachable

The connection could not be restored.

Session expired

The server has moved on; the page needs a fresh start.